 Dungeon Crawl Stone Soup version 0.22.1-2-g9c5b331 (webtiles) character file.

6189 lysyklops the Blocker (level 10, -2/66 HPs)
             Began as a Gargoyle Fighter on Dec 19, 2018.
             Was a Priest of Qazlal.
             Killed from afar by a starcursed mass (9 damage)
             ... with an accursed screaming
             ... on level 1 of the Abyss.
             The game lasted 00:16:24 (8757 turns).

lysyklops the Blocker (Gargoyle Fighter)            Turns: 8757, Time: 00:16:25

Health: -2/66      AC: 24    Str: 23    XL:     10   Next: 91%
Magic:  14/14      EV:  6    Int:  9    God:    Qazlal [***...]
Gold:   616        SH: 15    Dex:  9    Spells: 9/9 levels left

rFire    . . .     SeeInvis .   a - +0 flail
rCold    . . .     Gourm    .   c - +0 shield
rNeg     + . .     Faith    .   w - +0 plate armour
rPois    ∞         Spirit   .   A - +0 helmet
rElec    +         Reflect  .   C - +0 cloak
rCorr    .         Harm     .   D - -1 pair of gloves
MR       .....                  (no boots)
Stlth    ..........             (no amulet)
HPRegen  0.21/turn              (no ring)
MPRegen  0.14/turn              (no ring)

@: no status effects
A: blurry vision 1, negative energy resistance 1, electricity resistance,
unbreathing, petrification resistance, rot immunity, AC +7
a: Upheaval, Elemental Force, Renounce Religion


You were on level 1 of the Abyss.
You worshipped Qazlal.
Qazlal was most pleased with you.
You were very hungry.

You visited 1 branch of the dungeon, and saw 9 of its levels.
You visited the Abyss 1 time.

You collected 616 gold pieces.

Inventory:

Hand Weapons
 a - a +0 flail (weapon)
Armour
 c - a +0 shield (worn)
 w - a +0 plate armour (worn)
 A - a +0 helmet (worn)
 C - a +0 cloak (worn)
 D - a -1 pair of gloves (worn)
Jewellery
 t - an uncursed amulet of rage {unknown}
 F - an uncursed amulet of the acrobat {unknown}
 I - the ring of Autotheism {-Tele rElec rPois rN+ Int+7, unknown}
   (You found it on level 7 of the Dungeon)

   [ring of positive energy]

   It affects your intelligence (+7).
   It insulates you from electricity.
   It protects you from poison.
   It protects you from negative energy.
   It prevents most forms of teleportation.
Wands
 y - a wand of iceblast (9)
 z - a wand of disintegration (23)
 E - a wand of flame (21)
 H - a wand of paralysis (8)
 L - a wand of acid (8)
Scrolls
 b - a scroll of noise {unknown}
 d - 2 scrolls of blinking {unknown}
 e - 4 scrolls of enchant weapon {unknown}
 g - 3 scrolls of amnesia {unknown}
 i - 12 scrolls of identify
 k - 7 scrolls of remove curse
 l - 7 scrolls of teleportation
 m - 3 scrolls of magic mapping {unknown}
 s - a scroll of fog {unknown}
 u - a scroll of enchant armour {unknown}
 x - a scroll of fear {unknown}
 J - 2 scrolls of acquirement {unknown}
Potions
 h - 4 potions of curing
 j - 4 potions of flight
 n - 2 potions of resistance {unknown}
 o - 4 potions of heal wounds {unknown}
 p - 3 potions of berserk rage {unknown}
 q - a potion of degeneration {unknown}
 r - 2 potions of agility {unknown}
 v - 2 potions of haste {unknown}
 B - a potion of lignification {unknown}
 G - 3 potions of ambrosia {unknown}
Comestibles
 f - 8 rations


   Skills:
 + Level 9.0 Fighting
 + Level 7.9 Maces & Flails
 + Level 9.0 Armour
 + Level 9.0 Shields
 + Level 5.7 Invocations


You had 9 spell levels left.
You didn't know any spells.
Your spell library was empty.

Dungeon Overview and Level Annotations

Branches:
Dungeon (9/15)             Temple (0/1) D:5            Lair (0/6) D:9
    Orc: D:9-12

Altars:
Ashenzari
Elyvilon
Fedhas
Hepliaklqana
Kikubaaqudgha
Makhleb
Qazlal
Trog
Yredelemnul
Zin

Shops:
D:6 :

Annotations:
D:2 Crazy Yiuf
D:3 3 runed doors, Goblin1989's ghost, amateur OpAs; buskinjo's ghost, amateur OpHu
D:5 1 runed door
D:8 3 runed doors, NikiYani's ghost, novice DEFE; poxu's ghost, novice CeHu
D:9 Grum


Innate Abilities, Weirdness & Mutations

You are resistant to torment.
Your stone body is resilient. (AC +7)
You are immune to poison.
You resist negative energy. (rN+)
You are resistant to electric shocks. (rElec)
You can survive without breathing.
You are immune to petrification.
You are immune to rotting.
Scrolls take you a little longer to read.


Message History

A starcursed mass splits.
A starcursed mass splits.
A small abomination comes into view.
You block the small abomination's attack.
You block the small abomination's attack.
The neqoxec gestures at you.
Strange energies course through your body.
Your vision blurs.
A starcursed mass splits.
A chorus of shrieks assaults your mind. You block the neqoxec's attack.
A chorus of shrieks assaults your mind.
* * * LOW HITPOINT WARNING * * *
You block the neqoxec's attack.
A starcursed mass splits.
A chorus of shrieks assaults your mind.
* * * LOW HITPOINT WARNING * * *
The neqoxec gestures.
The neqoxec gestures.
A chorus of shrieks assaults your mind.
You die...

.. #.. #..# ..# ..
..##..##..##..##.. .....
................ ...
................ #
.##..##..##.5# ..# # #
.##. ##..##..##..##..# .
........(.3.§........
..........XX55.x@.......
#..##..##.5##5.##..##..#
# .##..##..##X## ###
..........X.X.#
.........X....# #.. #..
#..##.# #. ##..##..##.#
. ......... ..#
............#


You could see 4 starcursed masses, a neqoxec, a small abomination, a quasit, a
crimson imp, a shadow imp and 2 ufetubi.

Vanquished Creatures
  Erica (D:9)
  Pikel (D:5)
  A worldbinder (Abyss:1)
  Psyche (D:8)
  An ancient zyme (Abyss:1)
  Sigmund (D:3)
  A hungry ghost (D:7)
  Menkaure (D:5)
  2 soldier ants (D:5)
  A water moccasin (D:8)
  A black bear (D:5)
  3 sky beasts (D:5)
  2 ice beasts
  4 wolves (D:8)
  An eye of draining (D:8)
  2 centaurs
  4 ogres
  A big kobold (D:9)
  2 bullfrogs
  A water moccasin zombie (D:6)
  A water moccasin skeleton (D:8)
  4 scorpions
  5 killer bees
  5 howler monkeys
  A bullfrog zombie (D:7)
  4 crimson imps
  6 hounds
  A quasit (D:5)
  An orc priest (D:6)
  2 bullfrog skeletons
  3 jellies
  An iron imp (Abyss:1)
  Jessica (D:2)
  An iguana (D:4)
  An orc wizard (D:6)
  20 worker ants
  Natasha (D:3)
  A killer bee zombie (D:6)
  A hound skeleton (D:3)
  2 worker ant zombies
  9 adders
  3 adder zombies (D:3)
  An adder skeleton (D:7)
  6 worms
  2 dart slugs
  4 leopard geckos
  13 orcs
  3 ball pythons
  9 giant cockroaches
  5 goblins
  2 hobgoblins
  5 jackals
  11 kobolds
  5 quokkas
  7 bats
  5 frilled lizards
  3 giant cockroach zombies (D:3)
  A leopard gecko zombie (D:6)
  A quokka skeleton (D:8)
  14 rats
203 creatures vanquished.

Vanquished Creatures (others)
  A phantom (D:5)
  A sky beast (D:5)
  A crimson imp (D:5)
  A jelly (D:5)
  An iguana (D:5)
  A giant cockroach (D:5)
  4 withered plants
10 creatures vanquished.

Grand Total: 213 creatures vanquished

Notes
Turn   | Place    | Note
-------+----------+-------------------------------------------
     0 | D:1      | lysyklops the Gargoyle Fighter began the quest for the Orb.
     0 | D:1      | Reached XP level 1. HP: 14/14 MP: 1/1
   159 | D:1      | Reached XP level 2. HP: 19/19 MP: 2/2
   931 | D:2      | Reached XP level 3. HP: 22/23 MP: 3/3
   952 | D:2      | Found a runed door.
  1175 | D:2      | Found a shattered altar of Ashenzari.
  1519 | D:2      | Noticed a moth of wrath
  1523 | D:2      | Found a bloodstained altar of Trog.
  1747 | D:2      | Reached XP level 4. HP: 20/29 MP: 4/4
  1882 | D:2      | Noticed Crazy Yiuf
  1908 | D:3      | Noticed Jessica
  1914 | D:2      | Killed Jessica
  2088 | D:3      | Noticed Sigmund
  2095 | D:3      | Killed Sigmund
  2095 | D:3      | Reached XP level 5. HP: 31/34 MP: 5/5
  2095 | D:3      | Reached XP level 6. HP: 35/39 MP: 6/6
  2342 | D:3      | Found a hazy altar of Hepliaklqana.
  2342 | D:3      | Found a stormy altar of Qazlal.
  2347 | D:3      | Became a worshipper of Qazlal Stormbringer
  2396 | D:3      | Found a burning altar of Makhleb.
  2544 | D:3      | Reached skill level 5 in Armour
  2570 | D:3      | Reached skill level 5 in Shields
  2660 | D:3      | Noticed Natasha
  2670 | D:3      | Killed Natasha
  2670 | D:3      | Reached skill level 5 in Fighting
  2702 | D:3      | Found a runed gate.
  2703 | D:3      | Found a runed gate.
  2703 | D:3      | Found a runed gate.
  2703 | D:3      | Noticed buskinjo's ghost (amateur OpHu)
  2703 | D:3      | Noticed Goblin1989's ghost (amateur OpAs)
  2736 | D:3      | Reached XP level 7. HP: 37/44 MP: 7/7
  3052 | D:4      | Reached * piety under Qazlal
  3380 | D:4      | Found a glowing silver altar of Zin.
  3468 | D:4      | Found a basalt altar of Yredelemnul.
  4162 | D:5      | Entered Level 5 of the Dungeon
  4182 | D:5      | Noticed Pikel
  4255 | D:5      | Killed Pikel
  4255 | D:5      | Reached skill level 5 in Maces & Flails
  4255 | D:5      | Reached XP level 8. HP: 41/51 MP: 8/8
  4378 | D:5      | Found a staircase to the Ecumenical Temple.
  4485 | D:5      | Noticed Menkaure
  4496 | D:5      | Killed Menkaure
  4732 | D:5      | Found an ancient bone altar of Kikubaaqudgha.
  4733 | D:5      | Found a blossoming altar of Fedhas.
  4804 | D:5      | Found a runed door.
  4868 | D:5      | Found a runed door.
  4910 | D:5      | Reached XP level 9. HP: 56/56 MP: 9/9
  4926 | D:5      | Reached skill level 1 in Invocations
  5237 | D:5      | Reached ** piety under Qazlal
  5826 | D:6      | Found Rouget's Book Shoppe.
  6180 | D:7      | Found a blossoming altar of Fedhas.
  6474 | D:7      | Got a bound copper ring
  6571 | D:7      | Reached XP level 10. HP: 64/64 MP: 11/13
  6854 | D:8      | Found a runed gate.
  6856 | D:8      | Found a runed gate.
  6857 | D:8      | Found a runed gate.
  6863 | D:8      | Noticed NikiYani's ghost (novice DEFE)
  6863 | D:8      | Noticed poxu's ghost (novice CeHu)
  7263 | D:8      | Noticed Psyche
  7277 | D:8      | Killed Psyche
  7596 | D:9      | Noticed Erica
  8004 | D:9      | Killed Erica
  8004 | D:9      | Reached skill level 5 in Invocations
  8150 | D:9      | Found a staircase to the Lair.
  8219 | D:9      | Found a white marble altar of Elyvilon.
  8251 | D:9      | Reached *** piety under Qazlal
  8487 | D:9      | Noticed Grum
  8536 | D:9      | Cast into level 1 of the Abyss (Grum)
  8593 | Abyss:1  | Noticed a worldbinder
  8650 | Abyss:1  | Killed a worldbinder
  8710 | Abyss:1  | Noticed a large abomination
  8738 | Abyss:1  | Noticed a starcursed mass
  8749 | Abyss:1  | Gained mutation: Scrolls take you a little longer to read.
                  | [a neqoxec]
  8757 | Abyss:1  | Killed from afar by a starcursed mass

Skill      XL: |  1  2  3  4  5  6  7  8  9 10 |
---------------+-------------------------------+-----
Armour         | 4 5 6 8 9 |  9.0
Shields        | 4 5 6 8 9 |  9.0
Fighting       | 4 5 6 8 9 |  9.0
Maces & Flails | 3 5 6 7 |  7.9
Invocations    | 4 5 |  5.7

Action                   |  1- 3 |  4- 6 |  7- 9 | 10-12 || total
-------------------------+-------+-------+-------+-------++-------
Melee: Flail             |   186 |   152 |   636 |   347 ||  1321
  Use: Potion            |       |     1 |       |     5 ||     6
       Scroll            |       |       |       |     3 ||     3
  Eat: Chunk             |     3 |     3 |     4 |     2 ||    12
       Ration            |       |       |     4 |     2 ||     6
Armor: Scale mail        |   107 |    95 |       |       ||   202
       Plate armour      |       |     3 |   407 |   300 ||   710
Dodge: Dodged            |    64 |    59 |   116 |    89 ||   328
Block: Shield            |    82 |    77 |   429 |   384 ||   972
